TOP OF THE 1ST |
Lexington Legends batting - Pitching for Lansing Lugnuts : RHP Ben Knapp
|
Pitching: RHP Ben Knapp
|
|
Batting: LHB Edgar Ortiz
|
0-0: Ball 1-0: Foul Ball, location: 2F 1-1: Ball 2-1: Foul Ball, location: 2F 2-2: Foul Ball, location: 2F 2-2: Ball 3-2: Foul Ball, location: 2F 3-2: Strikes out looking
|
Batting: RHB Nate De Jongh
|
0-0: Called Strike 0-1: Ball 1-1: Ground out U3 (Groundball, 3, EV 88.1 MPH)
|
Batting: RHB Nick Julien
|
0-0: Called Strike 0-1: Ball 1-1: Ball 2-1: Ground out 4-3 (Groundball, 4S, EV 81.2 MPH)
|
Top of the 1st over - 0 runs, 0 hits, 0 errors, 0 left on base; Lexington 0 - Lansing 0 |
BOTTOM OF THE 1ST |
Lansing Lugnuts batting - Pitching for Lexington Legends : LHP Tyler Abraham
|
Pitching: LHP Tyler Abraham
|
|
Batting: RHB Luis Gomez
|
0-0: Ball 1-0: Swinging Strike 1-1: Called Strike 1-2: Ball 2-2: Strikes out looking
|
Batting: LHB Roger Escareno
|
0-0: Called Strike 0-1: Swinging Strike 0-2: Strikes out looking
|
Batting: RHB John Michener
|
0-0: Swinging Strike 0-1: Ball 1-1: Ground out 4-3 (Groundball, 4M, EV 90.6 MPH)
|
Bottom of the 1st over - 0 runs, 0 hits, 0 errors, 0 left on base; Lexington 0 - Lansing 0 |
TOP OF THE 2ND |
Lexington Legends batting - Pitching for Lansing Lugnuts : RHP Ben Knapp
|
Batting: LHB Pablo Serrato
|
0-0: Foul Ball, location: 2F 0-1: Swinging Strike 0-2: Foul Ball, location: 2F 0-2: Strikes out swinging
|
Batting: RHB Jesus Malave
|
0-0: Foul Ball, location: 2F 0-1: Ball 1-1: Swinging Strike 1-2: Foul Ball, location: 2F 1-2: Ball 2-2: Strikes out swinging
|
Batting: SHB Bill Ertl
|
0-0: Ball 1-0: Swinging Strike 1-1: Foul Ball, location: 2F 1-2: Strikes out swinging
|
Top of the 2nd over - 0 runs, 0 hits, 0 errors, 0 left on base; Lexington 0 - Lansing 0 |
BOTTOM OF THE 2ND |
Lansing Lugnuts batting - Pitching for Lexington Legends : LHP Tyler Abraham
|
Batting: RHB Raul de la Cruz
|
0-0: Called Strike 0-1: Swinging Strike 0-2: Ball 1-2: Strikes out swinging
|
Batting: RHB John Hering
|
0-0: Swinging Strike 0-1: Ball 1-1: Ball 2-1: Foul Ball, location: 2F 2-2: Strikes out swinging
|
Batting: RHB Jamie Ogilvie
|
0-0: Ball 1-0: Foul Ball, location: 2F 1-1: Foul Ball, location: 2F 1-2: Single, Error in OF, E9, batter to second base (Line Drive, 4D, EV 97.5 MPH)
|
Batting: RHB Jose Ontiveros
|
0-0: Ball Wild Pitch! Jamie Ogilvie to third 1-0: Ball 2-0: Called Strike 2-1: Ball 3-1: Called Strike 3-2: Foul Ball, location: 2F 3-2: Strikes out swinging
|
Bottom of the 2nd over - 0 runs, 1 hit, 1 error, 1 left on base; Lexington 0 - Lansing 0 |
TOP OF THE 3RD |
Lexington Legends batting - Pitching for Lansing Lugnuts : RHP Ben Knapp
|
Batting: RHB Phil Hamby
|
0-0: Ball 1-0: Foul Ball, location: 2F 1-1: Called Strike 1-2: Ball 2-2: Ball 3-2: DOUBLE (Groundball, 5L, EV 101.2 MPH)
|
Batting: RHB Pat McCoy
|
0-0: Ball 1-0: Called Strike 1-1: Ball 2-1: SINGLE (Groundball, 34D, EV 108.1 MPH) Phil Hamby to third
|
Batting: RHB Justin Goff
|
0-0: Called Strike 0-1: Fly out, F4 (Flyball, 34D, EV 87.5 MPH)
|
Batting: LHB Edgar Ortiz
|
0-0: Called Strike 0-1: Ball Wild Pitch! Phil Hamby scores Pat McCoy to second 1-1: Ball 2-1: Foul Ball, location: 2F 2-2: Foul Ball, location: 2F 2-2: Strikes out looking
|
Batting: RHB Nate De Jongh
|
0-0: Ball 1-0: Swinging Strike 1-1: Swinging Strike 1-2: Ball 2-2: Strikes out swinging
|
Top of the 3rd over - 1 run, 2 hits, 0 errors, 1 left on base; Lexington 1 - Lansing 0 |
BOTTOM OF THE 3RD |
Lansing Lugnuts batting - Pitching for Lexington Legends : LHP Tyler Abraham
|
Batting: RHB Shunsuke Shiba Inu
|
0-0: Ball 1-0: DOUBLE (Flyball, 7LD, EV 102.5 MPH)
|
Batting: LHB Timo Gomez
|
0-0: Called Strike 0-1: Swinging Strike 0-2: Ball 1-2: Ball 2-2: Ball 3-2: SINGLE (Groundball, P, EV 82.5 MPH) (infield hit) Shunsuke Shiba Inu to third
|
Batting: RHB Luis Gomez
|
0-0: Called Strike 0-1: Swinging Strike 0-2: Fielders Choice at 2nd, 1-6 (Groundball, 13, EV 61.9 MPH)
|
Batting: LHB Roger Escareno
|
0-0: Ball 1-0: Called Strike 1-1: Foul Ball, location: 2F 1-2: Ball 2-2: Ball 3-2: SINGLE (Line Drive, 8LS, EV 94.4 MPH) Shunsuke Shiba Inu scores Luis Gomez to second
|
Batting: RHB John Michener
|
0-0: Called Strike 0-1: Swinging Strike 0-2: 3-RUN HOME RUN (Line Drive, 7LD, EV 93.1 MPH), Distance : 335 ft
|
Batting: RHB Raul de la Cruz
|
0-0: Ball 1-0: Fly out, F6 (Popup, 15, EV 80.6 MPH)
|
Batting: RHB John Hering
|
0-0: SINGLE (Line Drive, 78M, EV 99.4 MPH)
|
Batting: RHB Jamie Ogilvie
|
Pickoff Play to 1st, Runner tries for 2nd, OUT after rundown.
|
Bottom of the 3rd over - 4 runs, 5 hits, 0 errors, 0 left on base; Lexington 1 - Lansing 4 |
TOP OF THE 4TH |
Lexington Legends batting - Pitching for Lansing Lugnuts : RHP Ben Knapp
|
Batting: RHB Nick Julien
|
0-0: Called Strike 0-1: Foul Ball, location: 2F 0-2: Strikes out swinging
|
Batting: LHB Pablo Serrato
|
0-0: Called Strike 0-1: Ball 1-1: Called Strike 1-2: Ball 2-2: Ball 3-2: Foul Ball, location: 2F 3-2: Base on Balls
|
Batting: RHB Jesus Malave
|
0-0: Ball 1-0: Called Strike 1-1: Foul Ball, location: 2F 1-2: Strikes out swinging
|
Batting: SHB Bill Ertl
|
0-0: Called Strike 0-1: Ball 1-1: Ball 2-1: DOUBLE (Line Drive, 7LS, EV 95.6 MPH) Pablo Serrato to third Runner from 3rd tries for Home, throw by LF and OUT! 7-6-2
|
Top of the 4th over - 0 runs, 1 hit, 0 errors, 1 left on base; Lexington 1 - Lansing 4 |
BOTTOM OF THE 4TH |
Lansing Lugnuts batting - Pitching for Lexington Legends : LHP Tyler Abraham
|
Pitching: RHP Phil Kellum
|
|
Batting: RHB Jamie Ogilvie
|
0-0: Ball 1-0: Ball 2-0: Foul Ball, location: 2F 2-1: Foul Ball, location: 2F 2-2: Foul Ball, location: 2F 2-2: Ground out 5-3 (Groundball, 56, EV 86.2 MPH)
|
Batting: RHB Jose Ontiveros
|
0-0: Foul Ball, location: 2F 0-1: Ball 1-1: Ball 2-1: Foul Ball, location: 2F 2-2: Ball 3-2: Ground out 6-3 (Groundball, 6, EV 79.4 MPH)
|
Batting: RHB Shunsuke Shiba Inu
|
0-0: Ball 1-0: Foul Ball, location: 2F 1-1: Called Strike 1-2: Ball 2-2: Ball 3-2: Strikes out swinging
|
Bottom of the 4th over - 0 runs, 0 hits, 0 errors, 0 left on base; Lexington 1 - Lansing 4 |
TOP OF THE 5TH |
Lexington Legends batting - Pitching for Lansing Lugnuts : RHP Ben Knapp
|
Batting: RHB Phil Hamby
|
0-0: Ball 1-0: Called Strike 1-1: Ball 2-1: Ground out 5-3 (Groundball, 56, EV 104.4 MPH)
|
Batting: RHB Pat McCoy
|
0-0: Ball 1-0: Foul Ball, location: 2F 1-1: Foul Ball, location: 2F 1-2: Strikes out looking
|
Batting: RHB Justin Goff
|
0-0: Called Strike 0-1: Ball 1-1: Foul Ball, location: 2F 1-2: SINGLE (Line Drive, 6M, EV 106.2 MPH)
|
Batting: LHB Edgar Ortiz
|
0-0: Fielders Choice at 2nd, 5-4 (Groundball, 56, EV 109.4 MPH)
|
Top of the 5th over - 0 runs, 1 hit, 0 errors, 1 left on base; Lexington 1 - Lansing 4 |
BOTTOM OF THE 5TH |
Lansing Lugnuts batting - Pitching for Lexington Legends : RHP Phil Kellum
|
Batting: LHB Timo Gomez
|
0-0: Ball 1-0: Swinging Strike 1-1: Ball 2-1: Swinging Strike 2-2: Strikes out swinging
|
Batting: RHB Luis Gomez
|
0-0: Ball 1-0: SINGLE (Groundball, 4D, EV 105.6 MPH)
|
Batting: LHB Roger Escareno
|
0-0: Ball Luis Gomez steals 2nd base 1-0: Called Strike 1-1: Foul Ball, location: 2F 1-2: SINGLE (Groundball, 4MD, EV 108.8 MPH) Luis Gomez to third Runner from 3rd tries for Home, SAFE, throw by CF to home
|
Batting: RHB John Michener
|
0-0: Ball 1-0: Ball 2-0: Ball 3-0: Called Strike 3-1: Called Strike 3-2: Fly out, F6 (Popup, 6S, EV 61.2 MPH)
|
Pitching: RHP Gary Ackerman
|
|
Batting: RHB Raul de la Cruz
|
0-0: Ball 1-0: Swinging Strike 1-1: Swinging Strike 1-2: Ball 2-2: Strikes out swinging
|
Bottom of the 5th over - 1 run, 2 hits, 0 errors, 1 left on base; Lexington 1 - Lansing 5 |
TOP OF THE 6TH |
Lexington Legends batting - Pitching for Lansing Lugnuts : RHP Ben Knapp
|
Batting: RHB Nate De Jongh
|
0-0: Ball 1-0: Called Strike 1-1: Ground out 6-3 (Groundball, 6, EV 111.2 MPH)
|
Batting: RHB Nick Julien
|
0-0: Ball 1-0: Swinging Strike 1-1: Called Strike 1-2: Strikes out looking
|
Batting: LHB Pablo Serrato
|
0-0: Foul Ball, location: 2F 0-1: DOUBLE (Line Drive, 7LM, EV 111.9 MPH)
|
Batting: RHB Jesus Malave
|
0-0: Called Strike 0-1: SINGLE (Flyball, 5D, EV 96.9 MPH) Pablo Serrato to third
|
Batting: SHB Bill Ertl
|
0-0: Ground out 4-3 (Groundball, 4, EV 95.0 MPH)
|
Top of the 6th over - 0 runs, 2 hits, 0 errors, 2 left on base; Lexington 1 - Lansing 5 |
BOTTOM OF THE 6TH |
Lansing Lugnuts batting - Pitching for Lexington Legends : RHP Gary Ackerman
|
Batting: RHB John Hering
|
0-0: Called Strike 0-1: Foul Ball, location: 2F 0-2: Ball 1-2: Ball 2-2: Ball 3-2: Strikes out swinging
|
Batting: RHB Jamie Ogilvie
|
0-0: Ball 1-0: Swinging Strike 1-1: Swinging Strike 1-2: Foul Ball, location: 2F 1-2: Strikes out swinging
|
Batting: RHB Jose Ontiveros
|
0-0: Called Strike 0-1: Ball 1-1: Fly out, F8 (Flyball, 8RD, EV 78.1 MPH)
|
Bottom of the 6th over - 0 runs, 0 hits, 0 errors, 0 left on base; Lexington 1 - Lansing 5 |
TOP OF THE 7TH |
Lexington Legends batting - Pitching for Lansing Lugnuts : RHP Ben Knapp
|
Now in LF: Timo Gomez
|
|
Now in RF: Frank Nelson
|
|
Batting: RHB Phil Hamby
|
0-0: SINGLE (Line Drive, 7S, EV 106.9 MPH)
|
Batting: RHB Pat McCoy
|
0-0: Ball 1-0: Called Strike 1-1: Ball 2-1: Foul Ball, location: 2F 2-2: Ball 3-2: Strikes out looking
|
Pitching: RHP Scott Lowry
|
|
Batting: RHB Justin Goff
|
0-0: Called Strike 0-1: Swinging Strike 0-2: Foul Ball, location: 2F 0-2: Strikes out swinging
|
Batting: LHB Edgar Ortiz
|
0-0: Foul Ball, location: 2F 0-1: Called Strike 0-2: Strikes out looking
|
Top of the 7th over - 0 runs, 1 hit, 0 errors, 1 left on base; Lexington 1 - Lansing 5 |
BOTTOM OF THE 7TH |
Lansing Lugnuts batting - Pitching for Lexington Legends : RHP Gary Ackerman
|
Pitching: RHP Greg Sell
|
|
Batting: RHB Shunsuke Shiba Inu
|
0-0: Ground out 4-3 (Groundball, 34, EV 103.1 MPH)
|
Batting: LHB Timo Gomez
|
0-0: Foul Ball, location: 2F 0-1: Ground out 4-3 (Groundball, 4, EV 97.5 MPH)
|
Batting: LHB Frank Nelson
|
0-0: Foul Ball, location: 2F 0-1: Ball 1-1: Fly out, F7 (Line Drive, 7LM, EV 90.6 MPH)
|
Bottom of the 7th over - 0 runs, 0 hits, 0 errors, 0 left on base; Lexington 1 - Lansing 5 |
TOP OF THE 8TH |
Lexington Legends batting - Pitching for Lansing Lugnuts : RHP Scott Lowry
|
Now at 2B: Dylan Phillips
|
|
Now in RF: Julio Canseco
|
|
Batting: RHB Nate De Jongh
|
0-0: Called Strike 0-1: Foul Ball, location: 2F 0-2: Strikes out swinging
|
Batting: RHB Nick Julien
|
0-0: Called Strike 0-1: Swinging Strike 0-2: Strikes out looking
|
Batting: LHB Pablo Serrato
|
0-0: Called Strike 0-1: Called Strike 0-2: Ball 1-2: Ball 2-2: Strikes out swinging
|
Top of the 8th over - 0 runs, 0 hits, 0 errors, 0 left on base; Lexington 1 - Lansing 5 |
BOTTOM OF THE 8TH |
Lansing Lugnuts batting - Pitching for Lexington Legends : RHP Greg Sell
|
Batting: LHB Roger Escareno
|
0-0: Ball 1-0: Ball 2-0: Foul Ball, location: 2F 2-1: Swinging Strike 2-2: SINGLE (Line Drive, 4D, EV 98.1 MPH)
|
Batting: RHB John Michener
|
0-0: Ball 1-0: Ball 2-0: Ball 3-0: Called Strike 3-1: Fielders Choice at 2nd, 4-6 (Groundball, 34, EV 87.5 MPH)
|
Batting: RHB Raul de la Cruz
|
0-0: Ball 1-0: Ball 2-0: Called Strike 2-1: Foul Ball, location: 2F 2-2: Foul Ball, location: 2F 2-2: Foul Ball, location: 2F 2-2: Foul Ball, location: 2F 2-2: Foul Ball, location: 2F 2-2: SINGLE (Line Drive, 7LS, EV 95.6 MPH) John Michener to second
|
Batting: RHB John Hering
|
0-0: Called Strike 0-1: Ball 1-1: Ball 2-1: Swinging Strike 2-2: Foul Ball, location: 2F 2-2: Ball 3-2: SINGLE (Flyball, 8LS, EV 90.6 MPH) John Michener to third Raul de la Cruz to second
|
Pitching: RHP Kolenka Leschenya
|
|
Batting: RHB Jamie Ogilvie
|
0-0: Called Strike 0-1: Called Strike 0-2: Ball 1-2: Foul Ball, location: 2F 1-2: Ball 2-2: Strikes out swinging
|
Batting: RHB Jose Ontiveros
|
0-0: Called Strike 0-1: Ball 1-1: Ball 2-1: Fielders Choice at 2nd, 5-4 (Groundball, 56, EV 100.0 MPH)
|
Bottom of the 8th over - 0 runs, 3 hits, 0 errors, 3 left on base; Lexington 1 - Lansing 5 |
TOP OF THE 9TH |
Lexington Legends batting - Pitching for Lansing Lugnuts : RHP Scott Lowry
|
Pitching: RHP Bill Couch
|
|
Batting: RHB Jesus Malave
|
0-0: Ball 1-0: Called Strike 1-1: Ball 2-1: Ball 3-1: Base on Balls
|
Batting: SHB Bill Ertl
|
0-0: Called Strike 0-1: Ball 1-1: Foul Ball, location: 2F 1-2: Ball 2-2: Strikes out looking
|
Batting: RHB Phil Hamby
|
0-0: Ball 1-0: Called Strike 1-1: Ball 2-1: Ball 3-1: Swinging Strike 3-2: Foul Ball, location: 2F 3-2: Strikes out looking
|
Batting: RHB Pat McCoy
|
0-0: Called Strike 0-1: Ball 1-1: Ball 2-1: Ball 3-1: Base on Balls Jesus Malave to second
|
Pitching: LHP Nick Burnstein
|
|
Batting: RHB Justin Goff
|
0-0: Ball 1-0: Swinging Strike 1-1: Swinging Strike 1-2: Strikes out looking
|
Top of the 9th over - 0 runs, 0 hits, 0 errors, 2 left on base; Lexington 1 - Lansing 5 |
|